 Dungeon Crawl Stone Soup version 0.29.1 (webtiles) character file.

Game seed: 12755367008759558823

63 Iusername the Covered (level 3, -1/33 HPs)
             Began as a Minotaur Fighter on Sept 13, 2022.
             Slain by a gnoll
             ... wielding a +0 flail
              (3 damage)
             ... on level 2 of the Dungeon.
             The game lasted 00:01:56 (1783 turns).

Iusername the Covered (Minotaur Fighter)            Turns: 1783, Time: 00:01:58

Health: -1/33      AC: 11    Str: 20    XL:     3   Next: 87%
Magic:  2/2        EV:  5    Int:  5    God:
Gold:   55         SH:  4    Dex: 11    Spells: 2/2 levels left

rFire   . . .      SeeInvis .   a - +0 long sword
rCold   . . .      Faith    .   c - +0 buckler
rNeg    . . .      Spirit   .   q - +0 plate armour
rPois   .          Reflect  .   (helmet restricted)
rElec   .          Harm     .   (no cloak)
rCorr   .          Rampage  .   (no gloves)
Will    .....                   (no boots)
Stlth   ..........              (no amulet)
HPRegen 0.11/turn               (no ring)
MPRegen 0.08/turn               (no ring)

@: mighty
A: horns 2, retaliatory headbutt
a: no special abilities


You were on level 2 of the Dungeon.
You visited 1 branch of the dungeon, and saw 2 of its levels.

You collected 55 gold pieces.

Inventory:

Hand Weapons
 a - a +0 long sword (weapon)
Armour
 b - a +0 scale mail
 c - a +0 buckler (worn)
 q - a +0 plate armour (worn)
Jewellery
 n - a ring of protection from cold
Wands
 o - a wand of roots (7)
Scrolls
 f - 2 scrolls of identify {unknown}
 g - a scroll of immolation {unknown}
 h - a scroll of teleportation {unknown}
 j - a scroll of poison {unknown}
Potions
 e - 2 potions of curing {unknown}
 i - a potion of brilliance {unknown}
 k - a potion of flight {unknown}
 l - 2 potions of mutation {unknown}
 m - a potion of magic {unknown}
 p - a potion of cancellation {unknown}


   Skills:
 + Level 4.1 Fighting
 + Level 3.6 Long Blades
 + Level 4.3 Armour
 + Level 0.3 Dodging
 + Level 4.1 Shields


You had 2 spell levels left.
You didn't know any spells.
Your spell library contained the following spells:

 Spells                   Type           Power      Damage    Failure   Level
 Call Canine Familiar     Summ           0%         N/A       100%        3
 Portal Projectile        Hex/Tloc       0%         N/A       100%        3
 Anguish                  Hex/Necr       0%         N/A       100%        4
 Leda's Liquefaction      Hex/Erth       0%         N/A       100%        4
 Enfeeble                 Hex            0%         N/A       100%        7


Dungeon Overview and Level Annotations

Branches:
Dungeon (2/15)

Altars:

Annotations:
D:2 Jessica


Innate Abilities, Weirdness & Mutations

You have a pair of horns on your head.
You reflexively headbutt those who attack you in melee.


Message History

Found a leather armour.
You now have 50 gold pieces (gained 9).
Found a plate armour.
You see here a +0 plate armour.
q - a +0 plate armour You start removing your armour.
You continue taking off your +0 scale mail. x4
You finish taking off your +0 scale mail.
You start putting on your armour.
You continue putting on your +0 plate armour. x5
You finish putting on your +0 plate armour.
Found 7 stones.
You now have 55 gold pieces (gained 5).
You see here a +0 mace.
You open the door.
A quokka, Jessica, a goblin and a gnoll come into view.
Jessica shouts!
A gnoll comes into view. It is wielding a +0 halberd.
Jessica moves out of view.
Found a scroll labelled LUMOFIWOLE.
A gnoll comes into view. It is wielding a +0 halberd.
Found a scroll labelled XIVIOGR NIGGUELAR.
The gnoll shouts! x2
The gnoll hits you with a +0 flail!
You barely miss the gnoll. The gnoll closely misses you.
You closely miss the gnoll.
The gnoll hits you from afar with a +0 halberd!
The gnoll hits you from afar with a +0 halberd.
The goblin hits you but does no damage. You block the gnoll's attack.
The gnoll hits you but does no damage.
Jessica gestures wildly while chanting.
Jessica blinks!
The gnoll hits you with a +0 halberd.
There is an open door here.
You feel very mighty all of a sudden. The goblin hits you with a +0 club.
* * * LOW HITPOINT WARNING * * *
The gnoll hits you with a +0 halberd!
* * * LOW HITPOINT WARNING * * *
The gnoll hits you with a +0 flail.
You die...

#...†....## #....#..
#.#.......## #.......
#....#####..#####....##.
#...##...##..##......##.
#...#?....#.....#######.
#.. #....?#...### #. #.
#.@r..#..## #. #..
#ggg##..# #.
#....##@##..## #.
#....g..## #. ##.....##
#. ####### #. #. ## #


You could see 3 gnolls, Jessica, a quokka and a goblin.

Vanquished Creatures
  2 adders (D:2)
  A dart slug (D:2)
  5 ball pythons
  5 endoplasms
  2 giant cockroaches
  3 hobgoblins (D:1)
  5 quokkas (D:1)
  3 bats (D:1)
  2 goblins
  5 kobolds (D:1)
  4 rats
37 creatures vanquished.

Notes
Turn   | Place    | Note
-------+----------+-------------------------------------------
     0 | D:1      | Iusername the Minotaur Fighter began the quest for the Orb.
     0 | D:1      | Reached XP level 1. HP: 19/19 MP: 0/0
   227 | D:1      | Reached XP level 2. HP: 27/27 MP: 1/1
   231 | D:1      | Found a faded altar of an unknown god.
   860 | D:1      | Reached XP level 3. HP: 33/33 MP: 2/2
  1778 | D:2      | Noticed Jessica
  1783 | D:2      | Slain by a gnoll

Illustrated notes

Levels and vault maps discovered:
D:1:      saegor_arrival_fortress, layout_basic,
          hellmonk_ecumenical_altar_leap_of_faith
D:2:      layout_basic, kennysheep_jessica_study

Skill      XL: |  1  2  3 |
---------------+----------+-----
Armour         | 4 |  4.3
Fighting       | 4 |  4.1
Long Blades    | 3 |  3.6
Shields        | 4 |  4.1
Dodging        | |  0.3

Action                   || total
-------------------------++-------
Melee: Long sword        ||    82
       Headbutt          ||    15
  Use: Potion            ||     1
Armor: Scale mail        ||    36
       Plate armour      ||     2
Dodge: Dodged            ||    41
Block: Buckler           ||    16
